 Dungeon Crawl Stone Soup version 0.18-a0-1060-g4fac74f (webtiles) character file.

72 namelastname112 the Magician (level 4, -4/35 HPs)
             Began as a Draconian Wizard on Jan 13, 2016.
             Slain by an orc
             ... wielding a +0 flail
              (10 damage)
             ... on level 3 of the Dungeon.
             The game lasted 00:03:27 (2411 turns).

namelastname112 the Magician (Draconian Wizard)     Turns: 2411, Time: 00:03:28

Health: -4/35      AC:  5    Str:  9    XL:     4   Next: 6%
Magic:  3/8        EV: 12    Int: 19    God:
Gold:   103        SH:  0    Dex: 10    Spells: 1 memorised, 8 levels left

rFire  . . .     SeeInvis .     e - +0 dagger
rCold  . . .     Gourm    .     (armour unavailable)
rNeg   . . .     Faith    .     (no shield)
rPois  .         Spirit   .     a - +0 hat
rElec  .         Dismiss  .     (no cloak)
rCorr  .         Reflect  .     (no gloves)
SustAt .         Harm     .     (no boots)
MR     .....                    (no amulet)
Stlth  ++........               (no ring)
                                (no ring)

@: very slightly contaminated, not resistant to hostile enchantments, unstealthy
A: unfitting armour, cold-blooded, AC +5
a: no special abilities


You were on level 3 of the Dungeon.
You were hungry.

You visited 1 branch of the dungeon, and saw 3 of its levels.

You collected 103 gold pieces.

Inventory:

Hand Weapons
 e - a +0 dagger (weapon)
Missiles
 o - 8 javelins (quivered)
 p - 21 poisoned needles
Armour
 a - a +0 hat (worn)
Jewellery
 i - an uncursed ring of ice {unknown}
Scrolls
 d - a scroll of fog {unknown}
 g - a scroll of identify {unknown}
 h - a scroll of remove curse {unknown}
 k - a scroll of enchant armour {unknown}
 m - 2 scrolls of recharging {unknown}
 n - a scroll of random uselessness {unknown}
Potions
 f - 2 potions of agility {unknown}
 j - a potion of might {unknown}
 l - a potion of degeneration {unknown}
 q - a potion of curing {unknown}
Books
 b - a book of Minor Magic

   Spells                             Type                      Level
   a - Magic Dart                     Conjuration                  1
   b - Blink                          Translocation                2
   c - Call Imp                       Summoning                    2
   d - Repel Missiles                 Charms/Air                   2
   e - Slow                           Hexes                        2
   f - Conjure Flame                  Conjuration/Fire             3
   g - Mephitic Cloud                 Conjuration/Poison/Air       3
Comestibles
 c - a bread ration
 r - a chunk of flesh


   Skills:
 + Level 1.3 Fighting
 * Level 2.1 Short Blades
 + Level 2.0 Dodging
 * Level 2.9 Stealth
 - Level 3.0 Spellcasting
 - Level 1.0 Conjurations
   Level 1.0 Summonings
   Level 1.0 Translocations


You had 8 spell levels left.
You knew the following spells:

 Your Spells              Type           Power        Failure   Level  Hunger
z - Magic Dart            Conj           #...         12%         1    None


Dungeon Overview and Level Annotations

Branches:
Dungeon (3/15)

Altars:
Fedhas


Innate Abilities, Weirdness & Mutations

Your plain brown scales are hard (AC +5).
Your body does not fit into most forms of armour.
You are cold-blooded and may be slowed by cold attacks.


Message History

The magic dart hits the orc.
The orc is heavily wounded.
Casting: Magic Dart
Confirm with . or Enter, or press ? or * to list all spells.
Aiming: Magic Dart
Press: ? - help, Shift-Dir - straight line, f/p - orc
Aim: an orc, wielding a flail and wearing a chain mail (heavily wounded)
You miscast Magic Dart.
You are very lightly contaminated with residual magic.
Nothing appears to happen.
The orc hits you with a flail.
* * * LOW HITPOINT WARNING * * *
Casting: Magic Dart
Confirm with . or Enter, or press ? or * to list all spells.
Aiming: Magic Dart
Press: ? - help, Shift-Dir - straight line, f/p - orc
Aim: an orc, wielding a flail and wearing a chain mail (heavily wounded)
The magic dart hits the orc.
The orc is almost dead.
The orc hits you with a flail!
You die...

#.## ###.#. ..# .....
#.# #+# #..# #.###.#
###..###..##.#
#............#
#............###########
#..............o@.......
#...<........###########
......#####..# ....).#
#..# ......# ##.#
......# #.# ......# #.#
......# #.# ......#


You could see an orc.

Vanquished Creatures
  2 adders
  A giant gecko (D:3)
  3 orcs (D:2)
  3 bats (D:1)
  3 giant cockroaches
  6 hobgoblins
  2 jackals (D:2)
  6 kobolds
  A quokka (D:3)
  4 giant newts
  8 goblins
  6 rats
45 creatures vanquished.

Notes
Turn   | Place    | Note
--------------------------------------------------------------
     0 | D:1      | namelastname112 the Draconian Wizard began the quest for the Orb.
     0 | D:1      | Reached XP level 1. HP: 14/14 MP: 4/4
   397 | D:1      | Reached XP level 2. HP: 17/22 MP: 1/6
   627 | D:1      | Reached skill level 1 in Short Blades
  1290 | D:2      | Reached XP level 3. HP: 14/27 MP: 3/7
  1623 | D:2      | Reached skill level 1 in Fighting
  1825 | D:2      | Found a faded altar to an unknown god.
  2031 | D:2      | Found a blossoming altar of Fedhas.
  2268 | D:3      | Reached XP level 4. HP: 35/35 MP: 0/8
  2411 | D:3      | Slain by an orc

Vault maps used:
D:1:      minmay_arrival_cross
D:2:      nicolae_overflow_crystal_walls, ecumenical_altar_2,
          guppyfry_early_orc_mine
D:3:      grunt_ministairs_13

Action                   |  1- 3 |  4- 6 || total
-------------------------+-------+-------++-------
Melee: Dagger            |    84 |    36 ||   120
Throw: Javelin           |     2 |       ||     2
 Cast: Magic Dart        |    82 |    11 ||    93
 Stab: Sleeping          |     2 |       ||     2
  Eat: Chunk             |     4 |       ||     4
